 Dungeon Crawl Stone Soup version 0.18.1-48-g4cf74bf (webtiles) character file.

29634 Gargoyl the Protected (level 13, 0/111 HPs)
             Began as a Demonspawn Abyssal Knight on Sept 5, 2016.
             Was the Champion of Lugonu.
             Slain by a harpy (16 damage)
             ... summoned by Kirke
             ... on level 4 of the Lair of Beasts.
             The game lasted 00:33:04 (17285 turns).

Gargoyl the Protected (Demonspawn Abyssal Knight)  Turns: 17285, Time: 00:33:05

Health: 0/111      AC:  0    Str: 17      XL:     13   Next: 16%
Magic:  12/16      EV: 17    Int: 14 (15) God:    Lugonu [******]
Gold:   1018       SH:  0    Dex: 14      Spells: 0 memorised, 12 levels left

rFire  . . .     SeeInvis .     (weapon currently unavailable)
rCold  . . .     Gourm    .     (armour currently unavailable)
rNeg   . . .     Faith    .     (shield currently unavailable)
rPois  .         Spirit   .     (helmet currently unavailable)
rElec  .         Dismiss  .     (cloak currently unavailable)
rCorr  .         Reflect  .     (gloves currently unavailable)
SustAt .         Harm     .     (boots currently unavailable)
MR     .....                    l - amulet of regeneration
Stlth  ++........               (ring currently unavailable)
                                (ring currently unavailable)

@: pig-form, slowed, glowing, not resistant to hostile enchantments, unstealthy
A: (talons 0), thin skeletal structure 1, (cold resistance 0), nightstalker 1,
robust 1, (spiny 0), (sturdy frame 0)
a: Depart the Abyss, Bend Space, Banish, Corrupt, Enter the Abyss, Brand Weapon
With Distortion, Renounce Religion


You were on level 4 of the Lair of Beasts.
You worshipped Lugonu.
Lugonu was exalted by your worship.
You were very hungry.
You were a filthy swine.
You visited 2 branches of the dungeon, and saw 16 of its levels.
You visited the Abyss 2 times.
You also visited: Sewer.

You collected 1018 gold pieces.

Inventory:

Hand Weapons
 b - a +2 hand axe of freezing (melded)
 E - a +1 war axe
 H - a +7 trident of flaming
Missiles
 g - 7 javelins of penetration (quivered)
 m - 11 tomahawks
Armour
 k - a +2 pair of gloves (melded)
 u - a +2 pair of boots (melded)
 J - a +0 plate armour (melded)
 L - a +2 cloak of poison resistance (melded)
 Q - a +2 shield (melded)
Jewellery
 d - an uncursed ring of resist corrosion
 l - an amulet of regeneration (around neck)
 n - a +3 amulet of reflection
 p - a ring of protection from magic (melded)
 C - an uncursed ring of protection from cold
 N - an uncursed ring of protection from magic
 U - an uncursed ring of positive energy
 Z - a +3 ring of strength (melded)
Wands
 r - a wand of iceblast (15/15)
 A - a wand of iceblast (5/15)
 D - a wand of hasting (3/9)
 F - a wand of lightning (6/15)
 G - a wand of iceblast (6/15)
 O - a wand of lightning (9/15)
 P - a wand of iceblast (6/15)
 V - a wand of lightning (9/15)
 Y - a wand of iceblast (9/15)
Scrolls
 f - 6 scrolls of teleportation
 h - 11 scrolls of identify
 x - 5 scrolls of remove curse
 y - 3 scrolls of blinking
 B - a scroll of amnesia
 R - a scroll of recharging
Potions
 a - a potion of heal wounds
 e - a potion of cure mutation
 j - a potion of lignification
 o - 6 potions of curing
 s - a potion of berserk rage {unknown}
 t - a potion of haste
 I - a potion of agility
 T - a potion of ambrosia
Books
 w - a Young Poisoner's Handbook

   Spells                             Type                      Level
   a - Sting                          Conjuration/Poison           1
   b - Cure Poison                    Poison                       2
   c - Mephitic Cloud                 Conjuration/Poison/Air       3
   d - Olgreb's Toxic Radiance        Poison                       4
   e - Venom Bolt                     Conjuration/Poison           5
 K - a book of Alchemy

   Spells                             Type                      Level
   a - Sublimation of Blood           Necromancy                   2
   b - Ignite Poison                  Fire/Transmutation/Poison    3
   c - Petrify                        Transmutation/Earth          4
   d - Alistair's Intoxication        Transmutation/Poison         5
   e - Irradiate                      Conjuration/Transmutation    5
 S - a book of Fire

   Spells                             Type                      Level
   a - Ignite Poison                  Fire/Transmutation/Poison    3
   b - Fireball                       Conjuration/Fire             5
   c - Bolt of Fire                   Conjuration/Fire             6
   d - Delayed Fireball               Conjuration/Fire             7
   e - Ring of Flames                 Charms/Fire                  7
 X - a book of Maledictions

   Spells                             Type                      Level
   a - Corona                         Hexes                        1
   b - Ensorcelled Hibernation        Hexes/Ice                    2
   c - Confuse                        Hexes                        3
   d - Tukima's Dance                 Hexes                        3
   e - Dazzling Spray                 Conjuration/Hexes            3
Comestibles
 c - 6 bread rations
 i - 8 beef jerkies
 v - 5 slices of pizza
 z - 7 meat rations
 M - 10 royal jellies


   Skills:
 + Level 9.2 Fighting
 + Level 8.3 Axes
 + Level 0.6(5.2) Polearms
 + Level 0.8 Throwing
 * Level 14.8 Armour
 + Level 5.3 Dodging
 + Level 1.6 Stealth
 + Level 5.1 Shields
 + Level 4.6 Invocations


You had 12 spell levels left.
You didn't know any spells.

Dungeon Overview and Level Annotations

Branches:
Dungeon (11/15)            Temple (0/1) D:6            Lair (5/8) D:9
  Swamp: Lair:3-6    Shoals: Lair:3-6     Snake: Lair:3-6    Spider: Lair:3-6
    Orc: D:9-12

Altars:
Ashenzari
Makhleb
Trog
Vehumet
Zin

Annotations:
D:9 exclusion: obsidian statue
Lair:4 Kirke
Abyss:1 Snorg


Innate Abilities, Weirdness & Mutations

((You have sharp toenails.))
You have a somewhat thin skeletal structure (Dex +2, Stealth).
You are slightly more attuned to the shadows.
You are robust (+10% HP).
((You are mostly covered in sharp spines.))
((Your flesh is cold resistant.))
((Your movements are slightly less encumbered by armour (ER -2).))


Message History

Kirke casts a spell at you.
You are outlined in light.
You barely miss Kirke.
Kirke is lightly wounded.
The harpy screeches! x2
The harpy misses you. The harpy claws you! Kirke hits you! The harpy claws you!
The harpy misses you. Kirke misses you.
Unknown command.
Press: ? - help, Shift-Dir - straight line, f - Kirke
Aim: Kirke (lightly wounded, deflecting missiles, chance to defeat MR: 19%) Kirke resists with almost no effort.
You are feeling very hungry.
The harpy completely misses you. The harpy claws you!
The harpy closely misses you. The harpy claws you!
The harpy barely misses you. x2
The harpy claws you. The harpy claws you!
* * * LOW HITPOINT WARNING * * *
The harpy misses you. The harpy claws you!
* * * LOW HITPOINT WARNING * * *
Kirke misses you. The harpy claws you!
You die...

#.......#...(.#..♣
#...♣♣..#######..♣
##..♣♣♣...........♣
###.P.♣ ♣...........♣ ♣
##.....♣♣♣♣♣♣♣♣♣♣♣♣♣♣♣♣♣
#.......♣♣ ♣♣♣ ♣♣♣ ♣♣.
##.......♣♣♣♣.♣♣♣.♣♣♣♣..
#....H@................
#....Hh................
#.....)................
#...<.....=............
#......................
##..P#.P.#####.....####
#####.### ####### # ###
# #


You could see Kirke and 2 harpies.

Vanquished Creatures
  2 hydras (Lair:2)
  Erica (D:9)
  Nergalle (Lair:3)
  An unseen horror (D:11)
  2 hill giants (D:11)
  2 griffons (Lair:3)
  The ghost of Crag the Firebug, a novice DgFE (D:8)
  Maurice (D:9)
  3 black mambas
  5 elephants (Lair:4)
  2 gargoyles (D:10)
  Joseph (D:8)
  8 spiny frogs
  4 komodo dragons
  The ghost of SaintRoka the Chopper, an amateur DDGl (Sewer)
  A two-headed ogre (D:11)
  A troll (D:10)
  10 blink frogs
  Grinder (D:3)
  2 wyverns
  Eustachio (D:4)
  3 basilisks
  24 yaks
  6 hippogriffs
  3 hogs (Lair:5)
  A hungry ghost (D:11)
  A soldier ant (D:9)
  7 water moccasins
  5 porcupines
  2 sky beasts
  A wasp (D:9)
  An orc warrior (D:7)
  An ice beast (D:10)
  4 ogres
  A black bear (D:7)
  A phantom (D:5)
  9 wolves
  8 centaurs
  9 crocodiles
  2 big kobolds
  19 giant frogs
  A gnoll sergeant (D:7)
  A killer bee (Lair:1)
  A scorpion (D:6)
  A howler monkey (D:5)
  5 wights (D:11)
  4 crimson imps
  A giant frog zombie (D:11)
  A quasit (D:7)
  4 centaur skeletons
  A centaur zombie (D:11)
  A jelly (D:9)
  9 orc priests
  2 hounds
  6 orc wizards
  Natasha (thrice) (D:3)
  2 iguanas (D:6)
  A hell rat (D:9)
  7 worker ants
  6 sheep (Lair:2)
  A hound zombie (D:6)
  A worker ant zombie (D:7)
  5 gnolls
  A howler monkey skeleton (D:9)
  18 adders
  21 river rats
  8 oozes (Sewer)
  A worm (D:2)
  A dart slug (D:1)
  16 giant geckos
  46 orcs
  7 bats
  13 giant cockroaches
  9 goblins
  9 hobgoblins
  8 quokkas
  12 ball pythons
  A giant gecko skeleton (D:7)
  A giant gecko zombie (D:9)
  13 giant newts
  20 kobolds
  5 rats
433 creatures vanquished.

Vanquished Creatures (others)
  A death knight (D:7)
  An electric eel (Lair:4)
  A fungus (Lair:2)
  A plant (Lair:1)
4 creatures vanquished.

Grand Total: 437 creatures vanquished

Notes
Turn   | Place    | Note
--------------------------------------------------------------
     0 | Abyss:1  | Gargoyl the Demonspawn Abyssal Knight began the quest for the Orb.
     0 | Abyss:1  | Reached XP level 1. HP: 18/18 MP: 2/2
     2 | Abyss:1  | Found a corrupted altar of Lugonu.
    91 | Abyss:1  | Noticed a worldbinder
    93 | Abyss:1  | Noticed a tarantella
    93 | Abyss:1  | Noticed a jumping spider
    99 | Abyss:1  | Noticed a tentacled starspawn
    99 | Abyss:1  | Noticed an orb spider
   101 | Abyss:1  | Noticed a jumping spider
   106 | Abyss:1  | Noticed a jumping spider
   107 | Abyss:1  | Noticed a redback
   107 | Abyss:1  | Noticed a sky beast
   108 | Abyss:1  | Noticed a large abomination
   108 | D:1      | Escaped the Abyss
   178 | D:1      | Found a shattered altar of Ashenzari.
   403 | D:1      | Reached skill level 2 in Armour
   403 | D:1      | Reached skill level 1 in Dodging
   403 | D:1      | Gained mutation: You are slightly more attuned to the shadows. [demonic ancestry]
   403 | D:1      | Reached XP level 2. HP: 9/24 MP: 3/3
   778 | D:1      | Reached * piety under Lugonu
  1340 | D:2      | Reached XP level 3. HP: 24/29 MP: 4/4
  1693 | D:2      | Gained mutation: You are partially covered in sharp spines. [demonic ancestry]
  1693 | D:2      | Reached XP level 4. HP: 35/35 MP: 5/5
  1751 | D:2      | Reached skill level 3 in Armour
  1970 | D:2      | Reached ** piety under Lugonu
  2035 | D:3      | Noticed Grinder
  2046 | D:3      | Paralysed by Grinder for 3 turns
  2052 | D:3      | Paralysed by Grinder for 4 turns
  2058 | D:3      | Killed Grinder
  2058 | D:3      | Reached skill level 4 in Armour
  2058 | D:3      | Gained mutation: You have sharp toenails. [demonic ancestry]
  2058 | D:3      | Reached XP level 5. HP: 31/42 MP: 6/6
  2058 | D:3      | Reached XP level 6. HP: 36/48 MP: 7/7
  2376 | D:3      | Noticed Natasha
  2383 | D:3      | Killed Natasha
  2386 | D:3      | Found a bloodstained altar of Trog.
  2422 | D:3      | Noticed Natasha
  2427 | D:3      | Killed Natasha
  2511 | D:3      | Noticed Natasha
  2567 | D:3      | Killed Natasha
  2980 | D:4      | Noticed Eustachio
  2992 | D:4      | Killed Eustachio
  2992 | D:4      | Reached skill level 5 in Armour
  2992 | D:4      | Reached skill level 1 in Stealth
  2992 | D:4      | Gained mutation: You are mostly covered in sharp spines. [demonic ancestry]
  2992 | D:4      | Reached XP level 7. HP: 38/54 MP: 8/8
  3195 | D:4      | Reached *** piety under Lugonu
  3601 | D:5      | Entered Level 5 of the Dungeon
  3631 | D:5      | Reached skill level 6 in Armour
  3632 | D:5      | Found a glowing drain.
  3654 | Sewer    | Entered a sewer
  3786 | Sewer    | Noticed SaintRoka's ghost (amateur DDGl)
  3801 | Sewer    | Killed SaintRoka's ghost
  3801 | Sewer    | Gained mutation: You have a somewhat thin skeletal structure (Dex +2, Stealth). [demonic ancestry]
  3801 | Sewer    | Reached XP level 8. HP: 17/61 MP: 9/9
  4170 | Sewer    | Reached **** piety under Lugonu
  4179 | Sewer    | Reached skill level 7 in Armour
  4209 | Sewer    | Reached skill level 5 in Fighting
  4856 | D:6      | Reached skill level 8 in Armour
  5244 | D:6      | Found a staircase to the Ecumenical Temple.
  5368 | D:6      | Reached ***** piety under Lugonu
  5368 | D:6      | Gained mutation: You are robust (+10% HP). [demonic ancestry]
  5368 | D:6      | Reached XP level 9. HP: 55/75 MP: 10/10
  6528 | D:7      | Noticed a death knight
  6529 | D:7      | Banished a death knight
  6529 | D:7      | Reached skill level 9 in Armour
  7251 | Abyss:1  | Noticed a starcursed mass
  7255 | D:7      | Escaped the Abyss
  7428 | D:8      | Found a burning altar of Makhleb.
  7518 | D:8      | Reached skill level 10 in Armour
  7659 | D:8      | Identified a scroll of acquirement
  8120 | D:8      | Noticed Crag's ghost (novice DgFE)
  8135 | D:8      | Killed Crag's ghost
  8135 | D:8      | Reached XP level 10. HP: 70/83 MP: 12/12
  8223 | D:8      | Noticed Joseph
  8235 | D:8      | Killed Joseph
  8364 | D:8      | Found a radiant altar of Vehumet.
  8580 | D:9      | Reached skill level 11 in Armour
  8585 | D:9      | Reached skill level 5 in Axes
  8697 | D:9      | Noticed Erica
  8711 | D:9      | Killed Erica
  8808 | D:9      | Noticed a spiny frog
  8824 | D:9      | Killed a spiny frog
  8941 | D:9      | Found a staircase to the Lair.
  8999 | D:9      | Noticed an obsidian statue
  9374 | D:9      | Noticed Maurice
  9395 | D:9      | Killed Maurice
  9395 | D:9      | Reached skill level 12 in Armour
  9514 | D:9      | Found a glowing silver altar of Zin.
  9644 | D:9      | Gained mutation: Your flesh is cold resistant. [potion of mutation]
  9644 | D:9      | Gained mutation: Your spells are a little harder to cast, but a little more powerful. [potion of mutation]
  9644 | D:9      | Lost mutation: Your spells are a little harder to cast, but a little more powerful. [potion of mutation]
  9645 | D:9      | Gained mutation: Your movements are slightly less encumbered by armour (ER -2). [potion of beneficial mutation]
  9694 | D:10     | Entered Level 10 of the Dungeon
  9706 | D:10     | Noticed a gargoyle
  9728 | D:10     | Killed a gargoyle
  9728 | D:10     | Reached XP level 11. HP: 37/92 MP: 14/14
 10739 | D:11     | Killed an unseen horror
 10935 | D:11     | Noticed a hill giant
 10945 | D:11     | Killed a hill giant
 11609 | D:11     | Noticed a hill giant
 11630 | D:11     | Killed a hill giant
 11869 | D:11     | Reached skill level 13 in Armour
 12002 | D:11     | Noticed a skeletal warrior
 12004 | D:11     | Noticed a death knight
 12004 | D:11     | Noticed a skeletal warrior
 12004 | D:11     | Noticed a phantasmal warrior
 12008 | D:11     | Noticed a phantasmal warrior
 12236 | Lair:1   | Entered Level 1 of the Lair of Beasts
 13583 | Lair:2   | Reached XP level 12. HP: 95/102 MP: 15/15
 13715 | Lair:2   | Noticed an eight-headed hydra
 13724 | Lair:2   | Killed an eight-headed hydra
 13724 | Lair:2   | Reached skill level 5 in Dodging
 13724 | Lair:2   | Reached skill level 1 in Shields
 14242 | Lair:2   | Noticed a seven-headed hydra
 14250 | Lair:2   | Killed a seven-headed hydra
 14643 | Lair:3   | Reached skill level 14 in Armour
 14876 | Lair:3   | Reached ****** piety under Lugonu
 14903 | Lair:3   | Noticed Nergalle
 14952 | Lair:3   | Killed Nergalle
 15603 | Lair:4   | Noticed Snorg
 15605 | Lair:4   | Banished Snorg
 15991 | Lair:4   | HP: 4/103 [elephant (2)]
 16387 | Lair:4   | Reached XP level 13. HP: 92/111 MP: 16/16
 16950 | Lair:5   | Reached skill level 5 in Shields
 17153 | Lair:5   | Noticed Kirke
 17285 | Lair:4   | Slain by a harpy

Skill      XL: |  1  2  3  4  5  6  7  8  9 10 11 12 13 |
---------------+----------------------------------------+-----
Axes           | 2 3 4 5 7 8 |  8.3
Armour         | 2 4 5 6 8 10 12 13 14 | 14.8
Dodging        | 1 2 3 4 5 |  5.3
Fighting       | 4 5 6 7 8 9 |  9.2
Stealth        | 1 |  1.6
Invocations    | 3 4 |  4.6
Shields        | 4 5 |  5.1
Polearms       | |  0.6
Throwing       | |  0.8

Action                   |  1- 3 |  4- 6 |  7- 9 | 10-12 | 13-15 || total
-------------------------+-------+-------+-------+-------+-------++-------
Melee: Hand axe          |    79 |    84 |   277 |   735 |   129 ||  1304
       Kick              |       |    12 |    50 |       |       ||    62
       Trident           |       |       |       |    10 |       ||    10
       Unarmed           |       |       |       |       |    12 ||    12
Throw: Javelin           |       |       |       |     6 |       ||     6
Invok: Depart the Abyss  |     1 |       |     1 |       |       ||     2
       Banish            |       |       |     1 |     1 |     2 ||     4
       Enter the Abyss   |       |       |     1 |       |       ||     1
       Bend Space        |       |       |       |     1 |       ||     1
  Use: Potion            |     1 |     2 |       |    21 |       ||    24
       Scroll            |       |       |     9 |    17 |       ||    26
 Stab: Sleeping          |     2 |       |       |       |       ||     2
  Eat: Chunk             |     3 |     4 |    18 |    20 |     3 ||    48
       Fruit             |       |       |       |    10 |       ||    10
Armor: Ring mail         |    30 |       |       |       |       ||    30
       Scale mail        |    25 |     6 |       |       |       ||    31
       Chain mail        |       |    37 |   134 |       |       ||   171
       Plate armour      |       |       |    35 |   564 |    66 ||   665
Dodge: Dodged            |    79 |    40 |   110 |   247 |    64 ||   540
Block: Other             |       |       |       |    33 |       ||    33
       Shield            |       |       |       |   347 |    63 ||   410
